 Dungeon Crawl Stone Soup version 0.28.0-53-g5a82cb258f (webtiles) character file.

Game seed: 3001651145843499464

30347 DocClef the Spear-Bearer (level 13, 0/91 HPs)
             Began as a Merfolk Gladiator on June 30, 2022.
             Was a High Priest of Okawaru.
             Slain by a sun demon (2 damage)
             ... in a volcano.
             The game lasted 00:24:31 (18204 turns).

DocClef the Spear-Bearer (Merfolk Gladiator)       Turns: 18204, Time: 00:24:31

Health: 0/91       AC: 33    Str: 18    XL:     13   Next: 51%
Magic:  12/18      EV: 16    Int:  8    God:    Okawaru [*****.]
Gold:   631        SH: 15    Dex: 18    Spells: 12/12 levels left

rFire   + + +      SeeInvis .   m - +4 trident (protect)
rCold   + + .      Faith    .   b - +0 kite shield
rNeg    . . .      Spirit   .   j - +4 chain mail of Dotzaod {rF+ Will+}
rPois   .          Reflect  .   c - +0 helmet
rElec   .          Harm     .   K - scarf {rC+ rF+}
rCorr   .          Rampage  .   t - +1 pair of gloves
Will    ++...                   I - +0 pair of boots
Stlth   ..........              L - amulet of Motote {rF+ Regen+ Dex+2}
HPRegen 1.05/turn               B - +4 ring of protection
MPRegen 0.16/turn               P - ring of Yendor {rC+ Will+}

@: heroic, finesse-ful, under a protective aura
A: (nimble swimmer 2), mertail
a: Renounce Religion, Heroism, Finesse, Duel


You were in a volcano.
You worshipped Okawaru.
Okawaru was extremely pleased with you.
You visited 3 branches of the dungeon, and saw 17 of its levels.
You also visited: Sewer, Ice Cave and Volcano.

You collected 1209 gold pieces.
You spent 578 gold pieces at shops.

Inventory:

Hand Weapons
 m - a +4 trident of protection (weapon)
 q - a +2 antimagic trident
Missiles
 d - 2 throwing nets (quivered)
 w - 10 javelins
Armour
 b - a +0 kite shield (worn)
 c - a +0 helmet (worn)
 j - the +4 chain mail of Dotzaod (worn) {rF+ Will+}
   (You found it on level 2 of the Dungeon)

   rF:        It protects you from fire.
   Will:      It increases your willpower.
 p - a scarf of repulsion
 t - a +1 pair of gloves (worn)
 I - a +0 pair of boots (worn)
 K - a scarf of resistance (worn)
 M - a +2 scale mail of cold resistance
Jewellery
 B - a +4 ring of protection (left hand)
 C - a +4 ring of protection
 G - a ring of flight
 L - the amulet of Motote (around neck) {rF+ Regen+ Dex+2}
   (You bought it in a shop on level 4 of the Dungeon)

   [amulet of regeneration]

   Dex:       It affects your dexterity (+2).
   rF:        It protects you from fire.
   Regen:     It increases your rate of health regeneration.
 O - an amulet of regeneration
 P - the ring of Yendor (right hand) {rC+ Will+}
   (You acquired it on level 12 of the Dungeon)

   [ring of willpower]

   rC:        It protects you from cold.
   Will:      It increases your willpower.
 Q - a +6 ring of strength
 S - a ring of protection from fire
 T - a ring of resist corrosion
Wands
 n - a wand of flame (43)
 A - a wand of acid (18)
 D - a wand of mindburst (16)
 E - a wand of paralysis (11)
 F - a wand of iceblast (14)
 U - a wand of polymorph (3)
Scrolls
 a - a scroll of brand weapon
 f - 10 scrolls of identify
 k - 2 scrolls of fog
 x - 4 scrolls of enchant weapon
 y - 5 scrolls of teleportation
 N - 4 scrolls of amnesia
Potions
 e - 7 potions of curing
 g - 5 potions of might {unknown}
 h - 4 potions of berserk rage {unknown}
 i - 2 potions of flight {unknown}
 l - 2 potions of lignification {unknown}
 o - 2 potions of haste
 r - 3 potions of cancellation {unknown}
 s - 3 potions of attraction {unknown}
 u - 3 potions of brilliance {unknown}
 v - 3 potions of heal wounds {unknown}
 z - a potion of resistance {unknown}
 H - a potion of mutation {unknown}
 J - 2 potions of ambrosia {unknown}
 R - a potion of degeneration {unknown}


   Skills:
 - Level 5.2(10.2) Fighting
 - Level 14.0(19.0) Polearms
 - Level 2.0(7.0) Throwing
 - Level 7.0(12.0) Armour
 - Level 13.3(18.3) Dodging
 - Level 13.6(18.6) Shields
 + Level 7.3 Invocations


You had 12 spell levels left.
You didn't know any spells.
Your spell library contained the following spells:

 Spells                   Type           Power      Damage    Failure   Level
 Beastly Appendage        Tmut           0%         N/A       99%         1
 Sting                    Tmut/Pois      0%         1d3       99%         1
 Corpse Rot               Necr/Air       0%         N/A       100%        2
 Ensorcelled Hibernation  Hex/Ice        0%         N/A       100%        2
 Passwall                 Tmut/Erth      0%         N/A       100%        2
 Poisonous Vapours        Pois/Air       0%         N/A       100%        2
 Sublimation of Blood     Necr           0%         N/A       100%        2
 Wereblood                Tmut           0%         N/A       100%        2
 Ignite Poison            Fire/Tmut/Pois 0%         N/A       100%        3
 Spider Form              Tmut/Pois      0%         N/A       100%        3
 Swiftness                Air            0%         N/A       100%        3
 Dispel Undead            Necr           0%         3d6       100%        4
 Olgreb's Toxic Radiance  Pois           0%         N/A       100%        4
 Petrify                  Tmut/Erth      0%         N/A       100%        4
 Borgnjor's Vile Clutch   Necr/Erth      0%         N/A       100%        5
 Irradiate                Conj/Tmut      0%         3d14      100%        5
 Death's Door             Necr           0%         N/A       100%        9
 Animate Dead             Necr           Unusable   N/A       N/A         4
 Death Channel            Necr           Unusable   N/A       N/A         6

Dungeon Overview and Level Annotations

Branches:
Dungeon (12/15)            Temple (1/1) D:7            Lair (4/6) D:9
 Shoals (0/4) Lair:2        Snake (0/4) Lair:2        Sewer (visited)
  IceCv (visited)         Volcano (1/1)
    Orc: D:9-12

Altars:
Ashenzari
Cheibriados
Dithmenos
Elyvilon
Fedhas
Gozag
Hepliaklqana
Kikubaaqudgha
Makhleb
Nemelex Xobeh
Okawaru
Qazlal
Ru
Sif Muna
Trog
Uskayaw
Vehumet
Wu Jian
Xom
Yredelemnul
Zin
The Shining One

Shops:
D:1 !   D:2 ?**:   D:4 =   D:6 *


Innate Abilities, Weirdness & Mutations

((You are very nimble when in or above water. (Stealth+, EV+, Speed+++)))
Your lower body shifts to a powerful aquatic tail in water.


Message History

The sun demon misses you.
Unknown command.
You closely miss the sun demon.
The sun demon is severely wounded.
You block the sun demon's attack.
You hit the sun demon but do no damage.
The sun demon is severely wounded.
You barely miss the sun demon.
The sun demon is severely wounded.
The sun demon misses you.
You puncture the sun demon!
The sun demon is almost dead.
The sun demon misses you.
You hit the sun demon but do no damage.
The sun demon is almost dead.
The sun demon misses you.
You hit the sun demon.
You kill the sun demon!
Okawaru accepts your kill. You block the sun demon's attack.
You closely miss the sun demon. You closely miss the sun demon.
The sun demon hits you!
* * * LOW HITPOINT WARNING * * *
You are engulfed in flames.
You resist.
* * * LOW HITPOINT WARNING * * *
You puncture the sun demon!
The sun demon is moderately wounded.
You puncture the sun demon!
The sun demon is heavily wounded.
You puncture the sun demon!
The sun demon is severely wounded.
The sun demon hits you but does no damage.
You puncture the sun demon!
The sun demon is almost dead.
You hit the sun demon.
The sun demon is almost dead.
The sun demon hits you!
* * * LOW HITPOINT WARNING * * *
You are engulfed in flames.
You resist.
You die...

## ##..§...##.#.. ..#
.####....§.....#.#≈.#
....†..........#.#..##
........≈#.....#.....#
.....[#####....#.#≈..#
......# ##..#..≈...#
#.#..## #####.≈..##
###### #.≈..# #@..##
#3†.# ...## ....#
§...## §§..## ....#
8...#


You could see a sun demon.

Vanquished Creatures
  2 hydras
  A boulder beetle (D:11)
  A two-headed ogre (D:9)
  2 sun demons (Volcano)
  Pikel (D:8)
  Maurice (D:8)
  2 centaur zombies
  An ice statue (IceCv)
  A torpor snail (Lair:2)
  7 cane toads
  3 rime drakes
  3 komodo dragons
  6 ice devils (IceCv)
  2 freezing wraiths (IceCv)
  4 polar bears
  2 trolls
  2 hornets
  7 blink frogs
  A meliai zombie (D:7)
  A spriggan (Lair:3)
  2 wraiths
  A wyvern (Lair:2)
  A dire elephant simulacrum (IceCv)
  Eustachio (D:6)
  48 yaks
  2 basilisks
  2 death yak simulacra (IceCv)
  7 steam dragons
  Grum (D:11)
  A harpy simulacrum (IceCv)
  A naga (Lair:2)
  An acid dragon (D:10)
  7 water moccasins
  4 hell hounds (Volcano)
  2 orc warriors
  3 black bears
  2 sky beasts
  An ogre (D:5)
  2 necrophages
  11 centaurs
  13 wolves
  A phantom (D:4)
  3 lemures (D:7)
  2 kobold brigands
  12 bullfrogs
  A scorpion (D:6)
  A cane toad simulacrum (IceCv)
  3 gnoll sergeants
  2 wyvern skeletons
  3 killer bees (D:11)
  5 wights
  2 elephant simulacra (IceCv)
  An electric eel (D:9)
  3 howler monkeys (D:9)
  A jelly (D:6)
  7 hounds
  2 gnoll shamans (D:9)
  2 centaur skeletons
  3 orc priests
  Ijyb (D:3)
  2 iguanas
  3 orc wizards
  A hell rat (Sewer)
  2 polar bear simulacra (IceCv)
  A troll simulacrum (IceCv)
  A wolf simulacrum (IceCv)
  A hound skeleton (D:4)
  A mummy (D:10)
  A howler monkey zombie (D:5)
  4 adders
  15 gnolls
  A shadow imp (D:6)
  A white imp (D:8)
  An ufetubus (D:4)
  A worm (D:3)
  3 dart slugs
  16 orcs
  3 bats
  5 endoplasms
  2 giant cockroaches
  18 goblins
  6 hobgoblins
  7 jackals
  6 quokkas
  4 ball pythons
  12 frilled lizards
  15 kobolds
  A quokka skeleton (D:4)
  17 rats
369 creatures vanquished.

Vanquished Creatures (others)
  19 plants
19 creatures vanquished.

Grand Total: 388 creatures vanquished

Notes
Turn   | Place    | Note
-------+----------+-------------------------------------------
     0 | D:1      | DocClef the Merfolk Gladiator began the quest for the Orb.
     0 | D:1      | Reached XP level 1. HP: 16/16 MP: 1/1
   152 | D:1      | Reached skill level 5 in Polearms
   196 | D:1      | Reached XP level 2. HP: 22/22 MP: 2/2
   418 | D:1      | Found Yntur's Distillery.
   441 | D:1      | Reached skill level 6 in Polearms
   441 | D:1      | Reached XP level 3. HP: 22/27 MP: 3/3
   921 | D:2      | Found Fudwohee's Book Emporium.
   940 | D:2      | Identified the +4 chain mail of Dotzaod {rF+ Will+}
  1210 | D:2      | Found Birirr's General Store.
  1550 | D:2      | Found Atzuggiu's General Store.
  1561 | D:2      | Found Uduol's Magic Scroll Emporium.
  1567 | D:2      | Got the Disquisition on Sinister Magic and Transmutation
  1820 | D:3      | Noticed Ijyb
  1875 | D:2      | Reached XP level 4. HP: 23/33 MP: 4/4
  2009 | D:3      | Reached skill level 7 in Polearms
  2428 | D:3      | Killed Ijyb
  2502 | D:3      | Found a faded altar of an unknown god.
  2521 | D:3      | Reached skill level 8 in Polearms
  2521 | D:3      | Reached XP level 5. HP: 38/38 MP: 5/5
  2962 | D:4      | Noticed a black bear
  2981 | D:4      | Killed a black bear
  2982 | D:4      | Reached skill level 9 in Polearms
  2982 | D:4      | Reached XP level 6. HP: 30/44 MP: 6/6
  3086 | D:4      | Found Lupp's Jewellery Emporium.
  3362 | D:4      | Reached skill level 10 in Polearms
  3568 | D:4      | Found a shimmering blue altar of Sif Muna.
  3804 | D:5      | Entered Level 5 of the Dungeon
  3855 | D:5      | Found a glowing drain.
  3859 | Sewer    | Entered a sewer
  4091 | D:5      | Found a white marble altar of Elyvilon.
  4168 | D:5      | Noticed a necrophage
  4183 | D:5      | Killed a necrophage
  4184 | D:5      | Reached skill level 11 in Polearms
  4184 | D:5      | Reached XP level 7. HP: 49/50 MP: 7/7
  4423 | D:5      | Found a glowing golden altar of the Shining One.
  4825 | D:5      | Reached skill level 12 in Polearms
  4900 | D:5      | Identified the +5 hand axe of Urgency {flame, Contam rC+
                  | Int+3 Dex+7}
  5428 | D:5      | Reached skill level 13 in Polearms
  5428 | D:5      | Reached XP level 8. HP: 31/51 MP: 2/8
  5727 | D:6      | Noticed Eustachio
  5763 | D:6      | Killed Eustachio
  5764 | D:6      | Reached skill level 14 in Polearms
  6239 | D:6      | Reached skill level 5 in Fighting
  6377 | D:6      | Found Lyip's Elemental Accessories.
  6400 | D:6      | Reached skill level 1 in Shields
  6568 | D:6      | Found an ancient bone altar of Kikubaaqudgha.
  6582 | D:6      | Reached XP level 9. HP: 68/68 MP: 3/9
  6636 | D:6      | Noticed a troll
  6649 | D:6      | Killed a troll
  6899 | D:6      | Reached skill level 5 in Shields
  7302 | D:7      | Found an opulent altar of Gozag.
  7512 | D:7      | Found a staircase to the Ecumenical Temple.
  7518 | Temple   | Entered the Ecumenical Temple
  7642 | Temple   | Became a worshipper of Warmaster Okawaru
  7833 | D:7      | Found a sacrificial altar of Ru.
  7871 | D:7      | Reached XP level 10. HP: 59/74 MP: 3/10
  8839 | D:7      | Reached * piety under Okawaru
  8849 | D:7      | Reached skill level 10 in Shields
  9068 | D:8      | Noticed Maurice
  9433 | D:8      | Noticed Pikel
  9569 | D:8      | Killed Pikel
  9569 | D:8      | Reached ** piety under Okawaru
  9738 | D:8      | Killed Maurice
 10180 | D:9      | Found a staircase to the Lair.
 10250 | D:9      | Reached *** piety under Okawaru
 10279 | D:9      | Noticed a two-headed ogre
 10298 | D:9      | Reached XP level 11. HP: 75/80 MP: 3/11
 10366 | D:9      | Killed a two-headed ogre
 10634 | D:9      | Paralysed by a hornet for 2 turns
 10831 | D:9      | Found an ornate altar of the Wu Jian Council.
 10890 | D:9      | Found a radiant altar of Vehumet.
 11852 | D:4      | Bought the amulet of Motote {rF+ Regen+ Dex+2} for 578 gold
                  | pieces
 11935 | D:10     | Entered Level 10 of the Dungeon
 12024 | D:10     | Received a gift from Okawaru
 12119 | D:10     | Reached **** piety under Okawaru
 12187 | D:10     | Identified the +2 robe of Happiness {Fly rF- Str+9}
 12330 | D:10     | Found a snail-covered altar of Cheibriados.
 12449 | D:10     | Paralysed by a hornet for 3 turns
 12458 | D:10     | Reached skill level 1 in Armour
 12835 | D:11     | Noticed a boulder beetle
 12857 | D:11     | Noticed Grum
 12864 | D:11     | Killed a boulder beetle
 12926 | D:11     | Killed Grum
 13013 | D:11     | Found a frozen archway.
 13040 | IceCv    | Entered an ice cave
 13196 | IceCv    | Found an ancient bone altar of Kikubaaqudgha.
 13251 | IceCv    | Reached skill level 5 in Armour
 13367 | IceCv    | Reached ***** piety under Okawaru
 13536 | IceCv    | Reached XP level 12. HP: 86/86 MP: 12/12
 13564 | IceCv    | Received a gift from Okawaru
 14050 | D:11     | Noticed an eight-headed hydra
 14068 | D:11     | Killed an eight-headed hydra
 14204 | D:11     | Reached skill level 5 in Dodging
 14472 | D:12     | Noticed a boulder beetle
 14501 | D:12     | Identified a scroll of acquirement
 14501 | D:12     | Acquired the ring of Yendor {rC+ Will+}
 14640 | Lair:1   | Entered Level 1 of the Lair of Beasts
 15383 | Lair:1   | You fall into a shaft and drop 1 floor!
 15443 | Lair:2   | Reached skill level 10 in Dodging
 15485 | Lair:2   | Found a staircase to the Shoals.
 15837 | Lair:2   | Found a staircase to the Snake Pit.
 16693 | Lair:3   | Noticed a four-headed hydra
 16711 | Lair:3   | Killed a four-headed hydra
 16712 | Lair:3   | Reached XP level 13. HP: 62/91 MP: 5/13
 16939 | Lair:3   | Reached skill level 1 in Invocations
 17347 | Lair:3   | Received a gift from Okawaru
 17639 | Lair:4   | Reached skill level 5 in Invocations
 18009 | Lair:4   | Found a dark tunnel.
 18018 | Volcano  | Entered a volcano
 18204 | Volcano  | HP: 2/91 [sun demon (12)]
 18204 | Volcano  | Slain by a sun demon

Illustrated notes

Levels and vault maps discovered:
D:1:      amcnicky_arrival_blooded_trapdoor, layout_basic, serial_shops, shop,
          minmay_misc_feat_hallway
D:2:      layout_basic, serial_shops, nicolae_square_shop, shop_statue,
          nicolae_shop_window_shopping, nicolae_shop_crystal
D:3:      kennysheep_the_goblin_king, layout_loops_ring,
          hellmonk_ecumenical_altar_inner_sanctum, minmay_lizard_king
D:4:      layout_cave_pools, lemuel_tele_altar, serial_shops,
          nicolae_shop_statue_plus, nicolae_zen_rock_garden
D:5:      layout_basic, amcnicky_altar_gilded, tso_altar, enter_ossuary_1,
          gup_sewer_entry_bowl
D:6:      layout_loops_ring, nicolae_kikubaaqudgha_miasma_corner,
          nicolae_elemental_shop, sword_in_stone
D:7:      wander_river, layout_basic, mainiacjoe_overflow_brackets,
          mainiacjoe_overflow_small_starburst,
          minmay_temple_entry_statues_pillars
D:8:      layout_cave_pools, serial_park, serial_park_paths
          [serial_park_minivault_5x5_2], serial_park_avenue1,
          serial_park_tiny_1, serial_park_tiny_2, minivault_27, glass_columns_a,
          uniq_maurice, uniq_pikel
D:9:      layout_basic, fiery_altar_vehumet, kennysheep_little_box,
          erik_lair_island, corexii_checkpoint_a
D:10:     nicolae_BIG_FREAKIN_CUBE, layout_basic, slow_altar_1
D:11:     layout_long_grid, portal_ice_cave_rime, uniq_grum
D:12:     layout_gridville, erik_orc_3, serial_shops, shop, shop,
          nicolae_shop_stone, nicolae_shop_hallway_plus, nrook_loot_triangle,
          hangedman_abyss_or_decor_passed
Temple:   dshaligram_water_room_temple
Lair:1:   layout_long_grid, infiniplex_staircase_pool, grunt_megastairs_1
Lair:2:   layout_roguey, minmay_shoals_entry_centaurs,
          guppyfry_snake_entry_garden
Lair:3:   layout_hall_layers, forest_entry_grove
Lair:4:   layout_regular_city, nicolae_volcano_entry_hallway
Volcano:  hellmonk_smoking_crater

Skill      XL: |  1  2  3  4  5  6  7  8  9 10 11 12 13 |
---------------+----------------------------------------+-----
Polearms       | 5 6 8 9 11 13 14 | 14.0
Fighting       | 5 |  5.2
Shields        | 3 8 12 13 | 13.6
Armour         | 6 7 |  7.0
Dodging        | 12 13 | 13.3
Invocations    | 7 |  7.3
Throwing       | |  2.0

Action                   |  1- 3 |  4- 6 |  7- 9 | 10-12 | 13-15 || total
-------------------------+-------+-------+-------+-------+-------++-------
Melee: Trident           |   150 |   240 |   390 |  1424 |   415 ||  2619
       Punch             |     2 |     4 |     1 |       |       ||     7
       Tailslap          |       |     3 |     1 |    29 |       ||    33
Throw: Throwing net      |       |       |       |     2 |       ||     2
Invok: Heroism           |       |       |       |    12 |     3 ||    15
       Finesse           |       |       |       |     1 |     2 ||     3
  Use: Scroll            |       |     8 |     1 |     7 |     2 ||    18
       Potion            |       |       |       |     1 |       ||     1
 Stab: Sleeping          |     3 |       |       |       |       ||     3
Armor: Leather armour    |    12 |       |       |       |       ||    12
       Chain mail        |    30 |   113 |   110 |   404 |   139 ||   796
       Scale mail        |       |       |       |    38 |       ||    38
Dodge: Dodged            |    54 |    66 |    66 |   306 |   163 ||   655
       Repelled          |       |       |       |     3 |       ||     3
Block: Kite shield       |       |       |    69 |   684 |   269 ||  1022
